cohdb
Replays
Latest Replays
All Replays
Popular Replays
Top Player Replays
Match Explorer
How It Works
Community
CoH3 Stats
Reddit
Sign in to upload your games and track your stats! →
Sign in with Steam
Match 46020052
Unlisted
Match 46020052
Overview
Messages
Build Orders
End
Kradschützen Motorcycle Team
Panzergrenadier Squad
250 Light Carrier
Construct Light Support Kompanie
Selects Italian Infantry
Combat Half-tracks
Fire Support Elements
Panzerjäger Squad
2.5-tonne Medical Truck
Vehicle Survival Package
Selects Guastatori Squad
Guastatori Squad
Flakvierling Half-track
Veteran Squad Leaders
Pak 38 Anti-tank Gun Team
Selects Defensive Operations
Construct Panzerarmee Kommand
Emergency Repair Kits
Armored Reserves
Selects Prepared Positions
Tiger Heavy Tank
Rapid Advance
Panzer IV Assault Group
Selects Obice 305mm Barrage
Obice 305mm Barrage
SimplyFinny
MasterStef
Beans
MaplePine
0
0
Comments
sign in to comment!
No comments posted yet!